[Event "*** Titled Tuesday Blitz"]
[Site "Chess.com"]
[Date "2020.10.20"]
[Round "3"]
[White "PriSachu"]
[Black "Msb2"]
[Result "0-1"]
[WhiteElo "2436"]
[BlackElo "2917"]
[TimeControl "180+1"]
[EndTime "10:30:09 PDT"]
[Termination "Msb2 won on time"]

1. e4 e6 2. d4 d5 3. Nc3 Nf6 4.
e5 Nfd7 5. f4 c5 6. Nf3 Nc6 7. Be3 a6 8. Qd2 b5 9. dxc5 Bxc5 10. Bd3 Qb6 11. Bf2 h6 12. O-O Bb7 13. Rae1 Bxf2+ 14. Rxf2 Nc5 15. Nd1 Rd8 16. f5 Ne4 17. Qf4 Nxf2 18. Nxf2 exf5 19. e6 Ne7 20. exf7+ Kxf7 21. Ne5+ Kg8 22. Qh4 g5 23. Qh5 Rh7 24. Ng4 Qd6 25. h4 Rf8 26. hxg5 hxg5 27. Qxg5+ Rg7 28.
Nh6+ Kh7 29. Nxf5 Nxf5 30. Bxf5+ Kg8 31. Be6+ Qxe6 32. Qxg7+ Kxg7 33. Rxe6 Rf7 34. Rb6 d4 35. Nd3 Rc7 36. Nc5 Bc8 37. Ne6+ Bxe6 38. Rxe6 Rxc2 39. Rxa6 d3 40. Rd6 d2 41. Kh2 Rxb2 42. Kg3 Kf7 43.
Kf3 Ke7 44. Rd4 Rxa2 45. Ke3 Ke6 46. Rxd2 Ra3+ 47. Rd3 Ra8 48. Rb3 Rb8 49. Kd4 Kd6 50. g4 Kc6 51. g5 Re8 52. g6 Rd8+ 53. Ke5 Re8+ 54. Kf6 Re1 55. g7 Rf1+ 56. Ke7 Rg1 57. Kf7 Rf1+ 58. Ke7 Rg1 59. Kf7 Kc5 60. Ke7 Rf1 61.
g8=Q Re1+ 0-1

[Event "*** Titled Tuesday Blitz"]
[Site "Chess.com"]
[Date "2020.10.20"]
[Round "3"]
[White "davigator"]
[Black "sergeikim"]
[Result "0-1"]
[WhiteElo "2348"]
[BlackElo "2537"]
[TimeControl "180+1"]
[EndTime "10:30:09 PDT"]
[Termination "sergeikim won on time"]

1. e4 e5 2. Nf3 Nc6 3. Bb5 a6 4. Ba4 Nf6 5. O-O b5 6. Bb3 Bc5 7. c3 d6 8. d4 Bb6 9. a4 Bb7 10. Re1 h6 11. Na3 exd4 12. cxd4 b4 13. Nc4 O-O 14. Bf4 Na5 15. Nxb6 cxb6 16. Bc2 b3 17. Bd3 Rc8 18. Bd2 Nc4 19. Bc3 Re8 20.
e5 Nd5 21. Bxc4 Nxc3 22. Qxb3 d5 23. Bd3 Ne4 24. Rad1 Re6 25. Nd2 Nxd2 26. Rxd2 Rec6 27. Rdd1 Qe7 28. h3 Qc7 29. Qb4 Qd8 30. Bf5 R8c7 31.
e6 fxe6 32. Bxe6+ Kh8 33. Bg4 Rf6 34. Bh5 Rf8 35. Re2 Rd7 36. Rde1 Qf6 37. Bf3 Rdd8 38. Re6 Qf4 39. Qxb6 Bc8 40. R6e3 Rd6 41. Qc5 Rg6 42.
Kf1 Bf5 43. Qxd5 Rgf6 44. Qe5 Qh4 45. Qg3 Qxd4 46. Kg1 Qxb2 47. Re8 Qb4 48. Rxf8+ Rxf8 49. Bc6 Qxe1+ 50. Kh2 Qe7 51. f3 Qf6 52. Bd5 Rd8 53.
Bc4 Qd6 54. f4 Qd4 55. Bxa6 Qb2 56. Bb5 Be4 57. Bf1 Qc1 58. Bb5 Qd2 0-1

[Event "*** Titled Tuesday Blitz"]
[Site "Chess.com"]
[Date "2020.10.20"]
[Round "3"]
[White "GM_Levan_Pantsulaia"]
[Black "Fy_Rakotomaharo"]
[Result "1-0"]
[WhiteElo "2855"]
[BlackElo "2639"]
[TimeControl "180+1"]
[EndTime "10:30:10 PDT"]
[Termination "GM_Levan_Pantsulaia won by resignation"]

1. Nf3 Nf6 2. g3 e6 3. Bg2 d5 4. O-O Be7 5. c4 O-O 6. b3 c6 7. d3 b6 8. Bb2 Bb7 9. Nbd2 Nbd7 10. e4 dxe4 11. dxe4 Nc5 12. e5 Nfd7 13. Qe2 a5 14. Nd4 Qc7 15. f4 Rfd8 16. Rad1 Nf8 17. Ne4 Nxe4 18.
Bxe4 Bc5 19. a4 Bxd4+ 20. Bxd4 c5 21. Bxb7 Qxb7 22. Bc3 Ng6 23. Rd6 Rxd6 24. exd6 Rd8 25. Rd1 Qc6 26. Qd3 f6 27. h4 Kf7 28. h5 Ne7 29. g4 Nc8 30. Qxh7 Rxd6 31. Qg6+ Kf8 32. Rf1 Ne7 33. Qh7 Rd4 34. Bxd4 cxd4 35. h6 gxh6 36. Qxh6+ Kf7 37. g5 f5 38. Qf6+ Ke8 39. g6 Qe4 40. Qf7+ Kd7 41. g7 Qe3+ 42. Rf2 Qe1+ 43. Kg2 Qe4+ 44.
Kh2 Qa8 45. Rg2 Qg8 46. Qxg8 Nxg8 47. Rd2 Ke7 48. Rxd4 Nf6 49. Kg2 Kf7 50. Rd6 Nh5 51.
Kf3 Nxg7 52. Rxb6 Ne8 53. c5 Ke7 54. Rb5 Nc7 55. Rxa5 Nd5 56. Rb5 Kd7 57. a5 Kc6 58. Rb8 Kxc5 59. a6 Nc7 60. a7 e5 61. Rc8 e4+ 62. Ke3 Kb6 63. Rxc7 1-0

[Event "*** Titled Tuesday Blitz"]
[Site "Chess.com"]
[Date "2020.10.20"]
[Round "3"]
[White "GothamChess"]
[Black "Sibelephant"]
[Result "0-1"]
[WhiteElo "2615"]
[BlackElo "3095"]
[TimeControl "180+1"]
[EndTime "10:30:10 PDT"]
[Termination "Sibelephant won by resignation"]

1. e4 d5 2. exd5 Qxd5 3. Nf3 Bg4 4. Be2 Nc6 5. O-O O-O-O 6. h3 Bxf3 7. Bxf3 Qd7 8. b4 Nd4 9. Re1 Nf6 10. a4 e6 11. c3 Nxf3+ 12. Qxf3 Qd5 13. Qe2 Qd3 14.
Qxd3 Rxd3 15. Re3 Rxe3 16. dxe3 Be7 17. Ra2 Ne4 18. f3 Rd8 19. Bd2 Nd6 20. Kf2 f5 21. Ke2 h5 22. Na3 g5 23. c4 g4 24. hxg4 hxg4 25. Bc3 Rg8 26. Rd2 Nf7 27. Nc2 c5 28. b5 Nd6 29. Na3 gxf3+ 30. gxf3 Rg1 31. a5 Rc1 32. Kd3 Rf1 33. Ke2 Rh1 34. Be5 Nf7 35.
Bg3 Rh3 36. Kf2 Bh4 37. Bxh4 Rh2+ 38. Ke1 Rxh4 39. Rg2 Rh8 40. f4 Kd7 41. Rd2+ Ke7 42. a6 b6 43. Ke2 Nd6 44. Kd1 Rh3 45. Re2 Rh1+ 46. Kc2 Rh3 47. Kd3 e5 48. fxe5 Nf7 49.
Rg2 Nxe5+ 50. Ke2 Ng4 51. Nc2 Kf6 52. Kd3 Ke5 53. Ke2 Ke4 54. Kd2 Kf3 55. Re2 Ke4 56. Ne1 Rxe3 57. Nc2 Rxe2+ 58. Kxe2 f4 59. Nb4 f3+ 60.
Ke1 cxb4 61. c5 Ke3 62. cxb6 f2+ 63. Kd1 f1=Q+ 64. Kc2 Qc4+ 0-1

[Event "*** Titled Tuesday Blitz"]
[Site "Chess.com"]
[Date "2020.10.20"]
[Round "3"]
[White "GigaQuparadze"]
[Black "fm_magua"]
[Result "1/2-1/2"]
[WhiteElo "2865"]
[BlackElo "2591"]
[TimeControl "180+1"]
[EndTime "10:30:10 PDT"]
[Termination "Game drawn - insufficient material"]

1. e4 c5 2. Ne2 Nc6 3. d4 cxd4 4. Nxd4 e5 5. Nb5 d6 6. N1c3 a6 7. Na3 b5 8. Nd5 Nce7 9. c4 Nxd5 10. exd5 bxc4 11.
Nxc4 f5 12. a4 Nf6 13. a5 Be7 14. Be3 O-O 15. Nb6 Bb7 16. Nxa8 Qxa8 17. Bc4 Bxd5 18. Bxd5+ Nxd5 19. O-O f4 20. Bb6 f3 21. g3 Nf6 22.
Rc1 e4 23. Rc7 Qe8 24. Re1 Qh5 25. Rxe4 Nxe4 26. Rxe7 Ng5 27. h4 Nh3+ 28. Kh2 Nf4 29. Be3 Ng6 30. Re4 d5 31. Qb3 Kh8 32. Rb4 Ne5 33. Rb8 Ng4+ 34. Kg1 Qf5 35. Qd3 Qf7 36. Qxd5 Qe7 37. Rxf8+ Qxf8 38. Qe4 h5 39. Qf4 Qd8 40. Qxf3 Qxa5 41. Qe2 Qe5 42. Qd2 a5 43. Bd4 Qf5 44. Bc3 a4 45. Kg2 Kh7 46. f3 Ne5 47. Bxe5 Qxe5 48.
Qc2+ g6 49. Kh3 Qe6+ 50. g4 hxg4+ 51. fxg4 Qe3+ 52. Kg2 Qf4 53. Qe2 Qd4 54. Kf3 Qf6+ 55. Kg3 Qd6+ 56. Kh3 Qf6 57. h5 gxh5 58. gxh5 Qf5+ 59.
Qg4 Qd3+ 60. Kh4 a3 61. bxa3 Qxa3 62. Qg6+ Kh8 63. Qh6+ Kg8 64. Qg5+ Kh8 65. Qf6+ Kh7 66. Kg5 Qc5+ 67. Kg4 Qc4+ 68. Kg3 Qd3+ 69. Kf2 Qd2+ 70. Kg3 Qe3+ 71. Kg4 Qe4+ 72. Kg5 Qg2+ 73. Kh4 Qh2+ 74. Kg4 Qg2+ 75. Kf5 Qf3+ 76. Kg5 Qxf6+ 77. Kxf6 Kh6 78.
Kf5 Kxh5 1/2-1/2

[Event "*** Titled Tuesday Blitz"]
[Site "Chess.com"]
[Date "2020.10.20"]
[Round "3"]
[White "Das_Virus_2020"]
[Black "Gabrielian_Artur"]
[Result "1/2-1/2"]
[WhiteElo "2427"]
[BlackElo "2771"]
[TimeControl "180+1"]
[EndTime "10:30:10 PDT"]
[Termination "Game drawn by repetition"]

1. e4 c5 2. c3 d6 3. d4 Nf6 4. Bd3 Qc7 5. Ne2 g6 6. f3 Bg7 7. Be3 O-O 8. O-O Nc6 9. a3 b6 10. Nd2 e5 11. Rc1 Bb7 12. b4 Nd7 13. dxc5 dxc5 14.
Bc4 Rad8 15. Qe1 Kh8 16. Bd5 b5 17. bxc5 Na5 18. Qf2 Nf6 19. Bxb7 Qxb7 20. Rfd1 Rd3 21. Rb1 Rfd8 22. a4 a6 23. axb5 axb5 24. Nc1 R3d7 25.
Qe2 Nc4 26. Ncb3 Nxe3 27. Qxe3 Ng8 28. Na5 Qc7 29. Nab3 Bh6 30. Qe2 Nf6 31. Nf1 Bf8 32.
Rxd7 Qxd7 33. Ne3 Qc6 34. Rd1 Rxd1+ 35. Qxd1 Bxc5 36. Nxc5 Qxc5 37. Qd3 Kg7 38. g3 h5 39. Kg2 h4 40. gxh4 Nh5 41. Nd5 Qa3 42. Qe3 Qa2+ 43. Qf2 Qb1 44. Qe3 Qc2+ 45. Qf2 Qd3 46. Qe3 Nf4+ 47. Kg3 Nh5+ 48. Kg2 Qd1 49. Qf2 f5 50.
Qa7+ Kh6 51. Qe3+ f4 52. Qf2 Qd3 53. Qb2 Ng7 54. Qf2 Ne6 55. Qb2 Nc5 56. Nb4 Qd1 57. Qf2 Nb3 58. h5 gxh5 59. Kh3 Nd2 60. Qb6+ Kg7 61.
Qc7+ Kg6 62. Qd6+ Kf7 63. Qd7+ Kf8 64. Qd8+ Kg7 65. Qe7+ Kh6 66. Qf6+ Kh7 67. Qf7+ Kh8 68. Qf8+ Kh7 69. Qf7+ Kh6 70. Qf6+ Kh7 71. Qf7+ 1/2-1/2

[Event "*** Titled Tuesday Blitz"]
[Site "Chess.com"]
[Date "2020.10.20"]
[Round "3"]
[White "pavelalexandru07"]
[Black "Triumphmate"]
[Result "1-0"]
[WhiteElo "2280"]
[BlackElo "2418"]
[TimeControl "180+1"]
[EndTime "10:30:11 PDT"]
[Termination "pavelalexandru07 won by checkmate"]

1. e4 d5 2. exd5 Nf6 3. d4 Bg4 4. Be2 Bxe2 5. Qxe2 Qxd5 6. Nf3 e6 7. O-O Nc6 8. c4 Qd7 9. Be3 Bd6 10. Nc3 O-O-O 11.
Rfd1 Rhg8 12. a3 g5 13. b4 g4 14. Ne5 Qe8 15. Nxc6 Qxc6 16. b5 Qe8 17. c5 Be7 18. b6 axb6 19. cxb6 c6 20. a4 Bb4 21. Qc4 Bxc3 22.
Qxc3 Nd5 23. Qa5 Kd7 24. Qa7 Rb8 25. a5 Qc8 26. a6 f5 27. g3 h5 28. Rdb1 h4 29.
axb7 Rxb7 30. Qxb7+ Qxb7 31. Ra7 Rb8 32. Rxb7+ Rxb7 33.
gxh4 f4 34. Bd2 f3 35. h5 Kc8 36. h6 Nf6 37. h3 gxh3 38. Kh2 Ng4+ 39. Kg3 Nxf2 40. Kxf2 Rh7 41. Kg3 Kb7 42. Kxh3 e5 43. dxe5 f2 44. Kg2 Rf7 45. h7 f1=Q+ 46. Rxf1 Rxh7 47.
Rb1 Rg7+ 48. Kf2 Re7 49. Bf4 c5 50. Ke3 Kc6 51. Ke4 Rb7 52. e6 c4 53. Kf5 c3 54. Kf6 c2 55. Rc1 Kd5 56. Rxc2 Rxb6 57. Rd2+ Ke4 58. Bh2 Rb1 59. Kf7 Rf1+ 60. Ke7 Kf5 61.
Kd7 Re1 62. e7 Kf6 63. e8=Q Kg7 64. Qxe1 Kg6 65. Bb8 Kg5 66. Rf2 Kh4 67. Qg1 Kh3 68.
Rh2# 1-0

[Event "*** Titled Tuesday Blitz"]
[Site "Chess.com"]
[Date "2020.10.20"]
[Round "3"]
[White "Keures"]
[Black "canary2016"]
[Result "1-0"]
[WhiteElo "2293"]
[BlackElo "1946"]
[TimeControl "180+1"]
[EndTime "10:30:16 PDT"]
[Termination "Keures won by checkmate"]

1. d4 d5 2. c4 c6 3. Nc3 Nf6 4. Bg5 e6 5. e3 Nbd7 6. Qc2 Be7 7.
cxd5 exd5 8. Nf3 O-O 9. Bd3 Nh5 10. Bxh7+ Kh8 11. Bxe7 Qxe7 12. Bd3 Nf4 13. Bf1 Nf6 14.
Ne5 Ne6 15. Bd3 Nd7 16. Nxd7 Bxd7 17. O-O Rae8 18. Qe2 Qg5 19. Qf3 g6 20. Qg3 Qxg3 21.
hxg3 Kg7 22. Rab1 Rh8 23. f3 Ng5 24. Kf2 Ne6 25. b4 Nc7 26. a4 Rh2 27. b5 Bh3 28. Rg1 Na8 29. bxc6 bxc6 30. Rb7 a5 31. g4 Bxg2 32.
Rxg2 Rxg2+ 33. Kxg2 Rxe3 34. Nxd5 Rxd3 35. Nf4 Ra3 36.
Ne6+ Kf6 37. Nd8 Rxa4 38. Rxf7+ Kg5 39. Rb7 Ra2+ 40. Kg3 Ra1 41. Nxc6 Rg1+ 42. Kf2 Ra1 43. Ke3 Ra3+ 44. Ke4 a4 45. Ne5 Ra1 46. Rg7 a3 47.
Rxg6+ Kh4 48. Kf4 Kh3 49. Rh6+ Kg2 50. Ra6 a2 51. Rxa8 Kf2 52. Nd3+ Kg2 53. Nb4 Rf1 54. Rxa2+ Kh3 55. Nd5 Kh4 56. Ra8 Kh3 57. Rh8+ Kg2 58. Nf6 Rxf3+ 59. Ke5 Rf2 60. Ne4 Rf1 61. g5 Re1 62. g6 Ra1 63. g7 Ra5+ 64. d5 Ra6 65. g8=Q+ Kf1 66. Rh2 Ke1 67. Qg1# 1-0

[Event "*** Titled Tuesday Blitz"]
[Site "Chess.com"]
[Date "2020.10.20"]
[Round "3"]
[White "Chesstrainer1"]
[Black "MarkoPe"]
[Result "1-0"]
[WhiteElo "2389"]
[BlackElo "2135"]
[TimeControl "180+1"]
[EndTime "10:30:17 PDT"]
[Termination "Chesstrainer1 won on time"]

1. Nf3 d5 2. g3 g6 3. Bg2 Bg7 4. O-O e5 5. d3 Ne7 6. e4 O-O 7. exd5 Nxd5 8. Re1 Nc6 9. Nc3 Nxc3 10. bxc3 Bd7 11. Rb1 b6 12. d4 exd4 13. cxd4 Rb8 14. Bg5 Qc8 15. d5 Na5 16. Nd4 Nc4 17. Qe2 Nd6 18.
Ne6 fxe6 19. dxe6 Be8 20. e7 Rf5 21. Bh3 Bc6 22. Rbd1 Qd7 23. Bf4 Re8 24. Bxd6 cxd6 25. Qc4+ d5 26. Qe2 Bf6 27. Qa6 Rxe7 28. Rxe7 Qxe7 29. Qc8+ Qe8 30. Bxf5 gxf5 31. Qxf5 Qe5 32. Qc8+ Be8 33. Qg4+ Bg6 34. Qc8+ Kg7 35. Qd7+ Kh6 36.
Rxd5 Qe1+ 37. Kg2 Be4+ 38. Kh3 Bxd5 39. Qxd5 Kg7 40. Qd7+ Qe7 41. Qg4+ Kf7 42. f4 Qe6 43. f5 Qe5 44. Qh5+ Kg7 45. Qg4+ Kf7 46. c4 Ke7 47. Qh5 Kd6 48. Qxh7 Kc5 49. Qg6 Kxc4 50. Qg4+ Kc5 51. a4 a5 52. Qf3 b5 53. axb5 Kxb5 54. Qd3+ Kc5 55. Kg4 Kb4 56. Qb1+ Kc5 57. Qc2+ Kb6 58.
Kh5 a4 59. Kg6 a3 60. Qb3+ Kc7 61. Qxa3 1-0

[Event "*** Titled Tuesday Blitz"]
[Site "Chess.com"]
[Date "2020.10.20"]
[Round "3"]
[White "DanielDardha2005"]
[Black "realmadridtv"]
[Result "1-0"]
[WhiteElo "2622"]
[BlackElo "2397"]
[TimeControl "180+1"]
[EndTime "10:30:19 PDT"]
[Termination "DanielDardha2005 won on time"]

1. d4 Nf6 2. c4 e6 3. Nc3 Bb4 4. Qc2 O-O 5. Nf3 b6 6. e4 d6 7. Bd3 c5 8. Bd2 cxd4 9. Nxd4 e5 10. Nde2 Bxc3 11. Nxc3 Nbd7 12. O-O Qc7 13. Rfe1 Bb7 14. Rad1 a6 15. Bf1 Nc5 16. f3 Rac8 17. Bg5 Ne8 18. Be3 Kh8 19. b4 Ne6 20. a4 Nf6 21. Qf2 Nd7 22. Qd2 Nd4 23. Bxd4 exd4 24. Qxd4 Ne5 25.
Qxd6 Nxc4 26. Qxc7 Rxc7 27. Nd5 Bxd5 28. Rxd5 g6 29. Kf2 Rfc8 30. Red1 Kg7 31. R1d4 h5 32.
h4 Rc6 33. Rd7 Ne5 34. Rb7 a5 35. bxa5 bxa5 36. Rd5 Rc2+ 37. Kg3 Nc6 38. Rdd7 Ne5 39. Re7 Kf6 40. f4 R8c3+ 41. Kh2 Ng4+ 42. Kg1 Rc1 43. Rxf7+ Ke6 44. f5+ gxf5 45. Rxf5 Rg3 46. Rb6+ Ke7 47. Rb7+ Ke6 48. Rb8 Ne3 49. Rf2 Rxg2+ 50.
Rxg2 Rxf1+ 51. Kh2 Nxg2 52. Kxg2 Ra1 53. Rb6+ Ke5 54.
Rb5+ Kf4 55. Rxa5 Ra2+ 56. Kf1 Kf3 57. Ke1 Ke3 58. Kd1 Kxe4 59. Kc1 Kf4 60. Kb1 Rh2 61. Rxh5 Kg4 62. Rc5 1-0

[Event "*** Titled Tuesday Blitz"]
[Site "Chess.com"]
[Date "2020.10.20"]
[Round "3"]
[White "Stalri"]
[Black "yobdc"]
[Result "1-0"]
[WhiteElo "2157"]
[BlackElo "2359"]
[TimeControl "180+1"]
[EndTime "10:30:19 PDT"]
[Termination "Stalri won on time"]

1. d4 d5 2. c4 c6 3. cxd5 cxd5 4. Nc3 Nc6 5. f3 Nf6 6. e4 dxe4 7. d5 Ne5 8. fxe4 e6 9. Nf3 Nxf3+ 10. Qxf3 Bb4 11.
Bg5 exd5 12. Bxf6 Qxf6 13. Qxf6 gxf6 14. exd5 O-O 15. O-O-O Rd8 16. Bd3 Bg4 17. Rd2 Rac8 18. h3 Bh5 19. Kc2 Bg6 20. Bxg6 hxg6 21. Kb3 Bxc3 22.
bxc3 Rd6 23. Rhd1 b5 24. Rd4 Rc5 25. Kb4 Rc7 26. R1d3 a6 27. Kb3 f5 28. a4 Kf8 29.
axb5 axb5 30. Kb4 Rb7 31. Re3 Rd8 32. d6 Rbd7 33. Kc5 f4 34. Re5 Rc8+ 35. Kb4 Rc6 36. Red5 Ke8 37. Rd3 Kd8 38. Kxb5 Rc8 39. Kb4 Rb7+ 40.
Rb5 Ra7 41. c4 Ra1 42. c5 Kd7 43. Rb7+ Kc6 44. Rb6+ Kd7 45. Rc3 Rb1+ 46. Ka5 Ra8+ 47. Ra6 Ra1+ 48. Kb4 R1xa6 49. Kc4 Rc6 50. Kd5 Ra1 51. Rc2 Rd1+ 52. Ke4 Rf1 53. Ke5 g5 54.
Kf5 f3 55. gxf3 Rxf3+ 56. Kg4 Rf4+ 57. Kxg5 Rd4 58. Kf6 Rd5 59. Kxf7 Rcxc5 60. Re2 Rh5 61. Kg6 Rxh3 62. Rd2 Rh1 63. Kf6 1-0

[Event "*** Titled Tuesday Blitz"]
[Site "Chess.com"]
[Date "2020.10.20"]
[Round "3"]
[White "Fins0905"]
[Black "Egorov_Pavel"]
[Result "1/2-1/2"]
[WhiteElo "2630"]
[BlackElo "2410"]
[TimeControl "180+1"]
[EndTime "10:30:20 PDT"]
[Termination "Game drawn by repetition"]

1. d4 Nf6 2. Nf3 g6 3. Nc3 d5 4. Bf4 Bg7 5. Qd2 c5 6. e3 O-O 7.
Be2 Nc6 8. h3 Ne4 9. Nxe4 dxe4 10. Ne5 cxd4 11. Nxc6 bxc6 12. O-O dxe3 13. Qxe3 Bxb2 14.
Rad1 Qb6 15. Qxe4 Bf6 16. Bh6 Bf5 17. Qf3 Rfd8 18. Bc4 Bxc2 19. Rc1 Ba4 20. g4 Bb5 21. Rb1 Qd4 22. Bxb5 cxb5 23. Rxb5 Qd3 24. Qxd3 Rxd3 25. Rfb1 Rad8 26. Rb8 Bg7 27. Be3 Rd1+ 28. Kg2 a6 29. Rxd8+ Rxd8 30. Rb7 Kf8 31. Ra7 Bd4 32. Bh6+ Bg7 33.
Bg5 Bf6 34. Bxf6 exf6 35. Rxa6 Kg7 36. a4 Rd2 37. Ra7 Ra2 38. a5 h6 39. a6 Ra3 40.
Ra8 Kh7 41. f3 Kg7 42. Kg3 g5 43. Kg2 Kh7 44. Kf2 Kg7 45. Ke2 Kh7 46. Kf2 Kg7 47.
Kg3 Kh7 48. h4 gxh4+ 49. Kxh4 Rxf3 50. Rb8 Ra3 51. Rb6 Kg6 52. Rc6 Ra5 53. Rb6 Ra4 54. Kg3 Ra3+ 55. Kf4 Ra4+ 56. Kf3 Kg5 57. Rb5+ Kg6 58. Rb6 Kg7 59. Kg3 Ra3+ 60. Kf4 Kg6 61. Rc6 Ra1 62. Kf3 Rf1+ 63. Kg3 Ra1 64. Kf3 Kg7 65. Kf4 Ra5 66. Rb6 Kg6 67. Kf3 Ra4 68. Kg3 Kg5 69. Rb5+ Kg6 70. Rb6 1/2-1/2

[Event "*** Titled Tuesday Blitz"]
[Site "Chess.com"]
[Date "2020.10.20"]
[Round "3"]
[White "MITerryble"]
[Black "Markov_Mikhail"]
[Result "1/2-1/2"]
[WhiteElo "2894"]
[BlackElo "2679"]
[TimeControl "180+1"]
[EndTime "10:30:22 PDT"]
[Termination "Game drawn - insufficient material"]

1. e4 c5 2. Nf3 d6 3. Bb5+ Bd7 4. Bxd7+ Qxd7 5. O-O Nf6 6. e5 dxe5 7. Nxe5 Qc7 8. d4 cxd4 9. Bf4 Qb6 10. Nd2 Nc6 11. Ndc4 Qc5 12. Re1 e6 13. Qf3 Be7 14. Nxc6 Qxc6 15.
Qb3 b6 16. Rad1 Qd5 17. Be5 O-O 18. Rxd4 Qc6 19. Red1 Rac8 20. Ne3 Rfd8 21. Rxd8+ Rxd8 22. Rxd8+ Bxd8 23. Qd3 Be7 24. h3 h6 25. c4 Nd7 26.
Bd4 Bf6 27. Bxf6 Nxf6 28. Qd8+ Kh7 29. Qe7 Qd7 30. Qxd7 Nxd7 31. Kf1 f5 32. Ke2 Kg6 33. Nc2 Kf6 34. Nd4 a5 35. b3 g5 36. Ke3 e5 37.
Nb5 Nc5 38. Nc3 f4+ 39. Kf3 Kf5 40. g4+ Ke6 41. Ke2 e4 42. Nd5 Nd7 43. Kd2 Ke5 44. Nc3 Nc5 45. Ke2 Ne6 46. Kd2 Nd4 47. Nd5 b5 48. Ne7 bxc4 49. bxc4 Kd6 50. Ng8 Nf3+ 51.
Ke2 Ng1+ 52. Kd2 Nxh3 53. Ke1 Ng1 54. Nxh6 Nf3+ 55. Ke2 Ne5 56. Kd2 Nxc4+ 57. Kc3 Ne5 58. Kd4 Nd3 59. Kxe4 Nxf2+ 60. Kf3 Nd3 61. Nf7+ Kd5 62.
Nxg5 Nb4 63. Kxf4 Nxa2 64. Ne4 Nb4 65. g5 Ke6 66. Nc3 Nd3+ 67. Ke4 Nc5+ 68. Kd4 Nd7 69. Kc4 Kf5 70. Kb5 Kxg5 71. Kxa5 1/2-1/2

[Event "*** Titled Tuesday Blitz"]
[Site "Chess.com"]
[Date "2020.10.20"]
[Round "3"]
[White "BigAl"]
[Black "esapunov"]
[Result "0-1"]
[WhiteElo "2466"]
[BlackElo "2757"]
[TimeControl "180+1"]
[EndTime "10:30:25 PDT"]
[Termination "esapunov won by resignation"]

1. Nf3 Nf6 2. g3 g6 3. Bg2 Bg7 4. O-O O-O 5. d3 d6 6. e4 e5 7. Nc3 Re8 8. h3 b6 9. a4 a5 10. Bg5 h6 11. Be3 Bb7 12. Nh2 Nbd7 13. Qd2 Kh7 14.
f4 Nh5 15. Qf2 exf4 16. gxf4 Qe7 17. Rae1 Rab8 18. d4 f5 19. e5 Qf7 20. Bxb7 Rxb7 21. Qg2 Rbb8 22. Nf3 Rbd8 23. Nb5 Nf8 24. c3 d5 25. Nh4 Ne6 26. Kh1 Rg8 27. Qf2 Bf8 28. Rg1 c6 29. Nd6 Bxd6 30. exd6 Rxd6 31. Bd2 Nf6 32. Nf3 Ne4 33. Qh2 Qf6 34. Be3 Rdd8 35.
Ne5 c5 36. h4 Rg7 37. Rg2 cxd4 38. Bxd4 Nxd4 39. cxd4 Rdg8 40. Reg1 Qe6 41. b3 Nf6 42. Qh3 Qe8 43. Re2 Qc8 44. Reg2 h5 45. Nf3 Ng4 46. Ng5+ Kh6 47. Re2 Re8 48. Qd3 Rge7 49. Re5 Rc7 50. Qb5 Rxe5 51. dxe5 Rc1 52. Qxd5 Qc2 53. Qg2 Rxg1+ 54.
Kxg1 Qc1+ 55. Qf1 Qe3+ 56. Kh1 Qg3 57. Qg2 Qxh4+ 58. Nh3 Qe1+ 59. Ng1 Qe3 60. Ne2 Qxb3 61. Kg1 h4 62. Qh1 Qd1+ 63. Kg2 Qxe2+ 64. Kh3 Kh5 65. Qg2 Qxg2+ 66. Kxg2 Kh6 67. Kh3 Kg7 68. Kxh4 Ne3 69. Kg5 Nd5 70. e6 Ne7 71. Kh4 Kf6 72. Kg3 Kxe6 73.
Kf3 Kf6 0-1

[Event "*** Titled Tuesday Blitz"]
[Site "Chess.com"]
[Date "2020.10.20"]
[Round "3"]
[White "CrazyMartian"]
[Black "ThePatrick27"]
[Result "0-1"]
[WhiteElo "2309"]
[BlackElo "2556"]
[TimeControl "180+1"]
[EndTime "10:30:26 PDT"]
[Termination "ThePatrick27 won by checkmate"]

1. d4 Nf6 2. Bf4 g6 3. Nc3 d5 4. e3 Bg7 5. h4 O-O 6. h5 Bf5 7. hxg6 hxg6 8. Nf3 Nbd7 9. Bd3 Bxd3 10. cxd3 c5 11.
dxc5 Nxc5 12. d4 Nce4 13. Nxe4 Nxe4 14. O-O Qb6 15. Qb3 Qxb3 16. axb3 a6 17. Rfc1 Rfc8 18. Kf1 f6 19. Ke2 Kf7 20. Bc7 Ke6 21. Rc2 Kd7 22.
Rac1 e6 23. Ba5 Rc6 24. Nd2 Nd6 25. Bb4 Nf5 26. g4 Nh6 27. f3 Rxc2 28. Rxc2 Nf7 29. Kd3 Bf8 30. Bxf8 Rxf8 31. e4 b6 32. exd5 exd5 33.
b4 Nd6 34. Rc1 Rh8 35. Re1 Rh2 36. Re2 Rh3 37. Re3 f5 38. gxf5 Nxf5 39. Re5 Ne7 40. Rg5 Ke6 41. Ke3 Kf6 42. Rg4 Nf5+ 43. Kd3 Rh1 44. Rg2 Rc1 45. Re2 Rh1 46. Rg2 Rh3 47.
Re2 Rh4 48. Nb3 Rf4 49. Re3 Nxe3 50. Kxe3 Rh4 51. Nd2 Rh2 52. b3 Kf5 53. Nf1 Rg2 54.
Nd2 g5 55. Nf1 Rb2 56. Nd2 Ke6 57. Kd3 Kf5 58. Ke3 Ke6 59. Kd3 Kd6 60. Kc3 Ra2 61. Kd3 Kc6 62. Kc3 Ra1 63. Kb2 Rh1 64. Kc3 Rh2 65. Kd3 Kb5 66. Kc3 Rxd2 67. Kxd2 Kxb4 68.
Kc2 b5 69. Kb2 a5 70. Kc2 a4 71. bxa4 bxa4 72. Kb2 Kc4 73. Ka3 Kxd4 74. Kxa4 Ke3 75.
Kb3 Kxf3 76. Kc3 g4 77. Kd4 g3 78. Kxd5 g2 79. Ke6 g1=Q 80. Kf7 Qg4 81. Kf8 Kf4 82.
Kf7 Qf5+ 83. Ke7 Qg6 84. Kd7 Qf6 85. Kc7 Qe6 86. Kb7 Qd6 87. Ka7 Qb4 88. Ka6 Ke5 89.
Ka7 Kd6 90. Ka6 Kc7 91. Ka7 Qb7# 0-1

[Event "*** Titled Tuesday Blitz"]
[Site "Chess.com"]
[Date "2020.10.20"]
[Round "3"]
[White "katchesskat"]
[Black "capatl"]
[Result "0-1"]
[WhiteElo "2236"]
[BlackElo "2539"]
[TimeControl "180+1"]
[EndTime "10:30:26 PDT"]
[Termination "capatl won by checkmate"]

1. c4 c5 2. e3 e6 3. a3 Nf6 4.
Qc2 Be7 5. Nf3 O-O 6. d3 b6 7. Nbd2 Bb7 8. Be2 d5 9. b3 Nbd7 10. Bb2 Rc8 11. h3 Qc7 12. g4 e5 13. g5 Ne8 14. cxd5 Bxd5 15. e4 Bb7 16. h4 Bd6 17.
h5 b5 18. Nh4 f5 19. gxf6 Rxf6 20. Rg1 a6 21. Nf5 Kh8 22. Rg5 Nf8 23. O-O-O Ne6 24. Rg4 Nd4 25. Bxd4 cxd4 26. Qxc7 Bxa3+ 27. Kb1 Rxc7 28. Rdg1 Bc8 29. Rg5 h6 30. R5g2 Rfc6 31. Nf3 b4 32. Bd1 Bxf5 33. exf5 Rc1+ 34. Ka2 R1c5 35. Nh4 Nf6 36.
Ng6+ Kg8 37. f4 e4 38. dxe4 Nxe4 39. f6 Nxf6 40. Ne5 d3 41. Rg6 Rc2+ 42. Bxc2 dxc2 43.
Rxf6 c1=Q 44. Rxc1 Rxc1 45. Rxa6 Rc2+ 46. Kb1 Rb2+ 47.
Ka1 Rh2 48. Ng6 Rxh5 49. Ne7+ Kh7 50. f5 Rh1+ 51. Ka2 Rf1 52. Rxa3 Rf2+ 53. Kb1 bxa3 54.
Nd5 Rb2+ 55. Ka1 Rxb3 56. Ka2 Rf3 57. Nc7 Rxf5 58. Kxa3 Rf3+ 59. Kb4 h5 60. Kc4 h4 61. Ne6 Rf5 62. Kd4 h3 63. Ke4 Rh5 64. Nf4 Rh4 65.
Kf3 Rxf4+ 66. Kg3 g5 67. Kxh3 Kg6 68. Kg3 Kf5 69. Kg2 Ra4 70. Kg3 Ra3+ 71. Kg2 Kf4 72. Kf2 Ra2+ 73. Ke1 Kf3 74. Kd1 g4 75. Kc1 Re2 76. Kb1 Ke3 77. Kc1 Kd3 78. Kd1 g3 79. Kc1 g2 80. Kd1 g1=Q# 0-1

[Event "*** Titled Tuesday Blitz"]
[Site "Chess.com"]
[Date "2020.10.20"]
[Round "3"]
[White "gagtemp"]
[Black "Sacbutt"]
[Result "1/2-1/2"]
[WhiteElo "1951"]
[BlackElo "2284"]
[TimeControl "180+1"]
[EndTime "10:30:31 PDT"]
[Termination "Game drawn by repetition"]

1. e4 d5 2. exd5 Qxd5 3. Nc3 Qd6 4. Nf3 Nf6 5. d4 Bg4 6. Be3 c6 7. Be2 e6 8. Qd2 Be7 9. O-O-O Qc7 10. Ne5 Bxe2 11. Qxe2 Nbd7 12. f4 Nd5 13. Ne4 Nxe3 14. Qxe3 O-O 15. h4 Nf6 16. Ng5 h6 17. g4 Nd5 18.
Qg3 Qa5 19. Kb1 Bf6 20. Ne4 Bxe5 21. dxe5 Qa4 22. Rde1 Nb4 23. Qb3 Qxb3 24. axb3 a5 25. g5 h5 26. g6 f6 27. Nd6 b6 28. Re4 Nd5 29. c4 Ne7 30. Rg1 Rad8 31. Nf7 Rd3 32.
exf6 gxf6 33. Rxe6 Nxg6 34. Rxf6 Rxf7 35. Rfxg6+ Kf8 36. Rxc6 Rxb3 37. Rc8+ Ke7 38. Rc7+ Kf8 39. Rc8+ Ke7 40. Rc7+ Kf8 41. Rxf7+ Kxf7 42. Rg5 Rf3 43.
Rxh5 Rxf4 44. Rb5 Rxh4 45. Rxb6 Rxc4 46. Ka2 a4 47. Ka3 Ke7 48. Ra6 Kd7 49. Rxa4 Rc1 50. Kb4 Kc6 51. Ra6+ Kb7 52. Rf6 Rb1 53. b3 Rh1 54.
Rf7+ Kb6 55. Rf6+ Kb7 56. Kb5 Rh5+ 57. Kb4 Rh4+ 58. Ka3 Rg4 59. b4 Rh4 60. Ka4 Rh5 61.
b5 Rh1 62. Ka5 Ra1+ 63. Kb4 Rb1+ 64. Kc5 Rc1+ 65. Kd4 Rd1+ 66. Kc5 Rc1+ 67. Kb4 Rb1+ 68. Kc4 Rc1+ 69. Kd3 Rb1 70. Rf5 Kb6 71. Kc4 Rc1+ 72. Kd4 Rd1+ 73. Kc4 Rc1+ 74. Kb4 Rb1+ 75. Ka4 Ra1+ 76. Kb4 Rb1+ 77. Kc4 Rc1+ 1/2-1/2